molly, chaotic female human Rogue ---- |<..-- ------- |.....- |.....| -..|....|.- |.._..| --.....--- |.....| .........| - ----- ---|--- ---.|....|..----...-- |.| -----..|....|...).---- |.| |..|..[[.........---.-- --.)..(.---.........).----- |....... |...|...........-- ----... --...---......- |.. -.. ..---)..| . -....|. ....... ...`... ..YGu... ..@f..G- --...--- --- molly the Rogue Experience level: 6 Strength: 13 Dexterity: 18 Constitution: 16 Intelligence: 10 Wisdom: 14 Charisma: 9 Health: 0(46) Energy: 38(38) Def: 9 Gold: 8 Moves: 2634 Dungeon seed: hvDcSfjOrSSNhYCP Game ID: molly_1521923452 Your Inventory: Coins $ - 8 gold pieces Weapons a - an uncursed +0 dagger named Sharptooth (weapon in hand) b - 11 uncursed +0 daggers (in quiver) L - an uncursed +1 dagger M - 5 cursed -1 daggers U - 2 uncursed +0 daggers Z - 13 uncursed +0 darts Armor e - an uncursed +1 leather armor (being worn) q - an uncursed +0 orcish helm (being worn) z - a blessed +1 dwarvish cloak (being worn) D - a blessed +2 pair of iron shoes (being worn) Y - an uncursed +0 dwarvish cloak Comestibles I - an uncursed tripe ration R - an uncursed sprig of wolfsbane Wands j - an uncursed wand of striking (0:4) Tools c - an uncursed partly used wax candle (lit) (0:295) k - an uncursed lock pick w - an uncursed magic whistle x - an uncursed +0 pick-axe named nc B - an uncursed sack E - 9 uncursed tallow candles (0:200) Q - 3 uncursed wax candles (0:400) X - an uncursed leash (in use) Gems n - 4 uncursed worthless pieces of blue glass r - an uncursed worthless piece of yellowish brown glass y - an uncursed worthless piece of green glass H - an uncursed worthless piece of red glass N - 3 uncursed amethyst stones O - an uncursed worthless piece of violet glass T - an uncursed worthless piece of black glass Contents of the sack: 249 gold pieces an uncursed scroll of amnesia a cursed scroll of blank paper a blessed scroll of enchant armor a cursed scroll of gold detection an uncursed scroll of identify an uncursed scroll of magic mapping an uncursed potion of extra healing an uncursed potion of fruit juice an uncursed potion of gain energy an uncursed potion of hallucination an uncursed potion of levitation an uncursed potion of sickness an uncursed potion of water Spells and supernatural/magical abilities: Name Level Category Fail Memory W - pray for help -- divine ? -- Your skills at the end: Fighting Skills Weapon Skills dagger [Skilled] short sword [Basic] Spellcasting Skills Final Attributes: You were piously aligned. You were stealthy. You are dead. Vanquished creatures: a dwarf king a gnome king a dwarf lord 6 gnome lords 3 gnomish wizards a ghoul 9 dwarves a kobold shaman a giant bat 2 coyotes a hobbit 2 manes 2 giant rats 27 gnomes 4 garter snakes a gnome zombie a jackal 3 goblins 6 grid bugs a lichen a kobold zombie a newt 76 creatures vanquished. Voluntary challenges: You had been an atheist until turn 2322. You used a wielded weapon 83 times, starting on turn 46. You read items or engraved 147 times, starting on turn 934. You never genocided any monsters. You never polymorphed an object. You never changed form. You used no wishes. You never split a pudding. You wrote Elbereth's name 137 times, starting on turn 934. You never violated your personal moral code. Dungeon overview: The Dungeons of Doom: levels 1 to 3 Level 1 a fountain a long staircase Level 2 (stash) a general store stairs to The Gnomish Mines Level 3 The Gnomish Mines: levels 3 to 6 Level 3 stairs to The Dungeons of Doom Level 4 Level 5 Level 6 <- You were here a temple to Kos History has recorded: On T:1 you entered the Dungeons of Doom to retrieve the Amulet of Yendor! On T:176 you reached level 2 of The Dungeons of Doom. On T:370 you reached level 3 of The Dungeons of Doom. On T:663 you reached level 1 of The Gnomish Mines. On T:780 you advanced to experience level 2. On T:846 you reached level 2 of The Gnomish Mines. On T:855 you advanced to experience level 3. On T:977 you advanced to experience level 4. On T:1627 you advanced to experience level 5. On T:1792 you reached level 3 of The Gnomish Mines. On T:1892 you advanced to experience level 6. On T:1988 you reached level 4 of The Gnomish Mines. Score breakdown: Gold: 257 ( 8203 points) Experience: 6 levels (12456 points) Exploration: 6 levels ( 11.32%) ( 9302 points) Discoveries: 5 items ( 1.68%) ( 3885 points) Valuables value: (no points given unless you survive) Artifact value: 0 ( 0 points) Variety of kills: 22 monsters ( 5.77%) ( 7208 points) Turncount: 2634 turns ( -407 points) Survival: died (score multiplied by 80%) Total score: 32517 Latest messages: The ape turns to flee! You add to the writing in the dust with your fingers. (2x) The ape turns to flee! You add to the writing in the dust with your fingers. (3x) You see here 3 crossbow bolts. You stop. Trouble is in the way! You write in the dust with your fingers. You add to the writing in the dust with your fingers. The gnomish wizard points at Trouble, then curses. You write in the dust with your fingers. Trouble misses the gnomish wizard. (2x) The gnomish wizard points at you, then curses. Trouble misses the gnomish wizard. The gnomish wizard points at you, then curses. You add to the writing in the dust with your fingers. Trouble misses the gnomish wizard. The gnomish wizard casts a spell at you! Your brain is on fire! You add to the writing in the dust with your fingers. The ape hits! (2x) The ape bites! You die... Final status: Goodbye molly the Rogue, killed by an ape... You died in The Gnomish Mines on dungeon level 6 with 32517 points, and 257 pieces of gold, after 2634 moves. You were level 6 with a maximum of 46 hit points when you died.